 Dungeon Crawl Stone Soup version 0.23.2-33-g5129a83184 (webtiles) character file.

Game seed: 12675173874423168644

10298 Derp the Slinger (level 11, -1/62 HPs)
             Began as a Spriggan Assassin on July 24, 2019.
             Was a High Priest of Okawaru.
             Killed from afar by Jorgrun (27 damage)
             ... with an iron shot
             ... on level 12 of the Dungeon on July 25, 2019.
             The game lasted 00:46:49 (16673 turns).

Derp the Slinger (Spriggan Assassin)               Turns: 16673, Time: 00:46:50

Health: -1/62      AC:  3    Str: 11    XL:     11   Next: 34%
Magic:  12/12      EV: 20    Int: 14    God:    Okawaru [*****.]
Gold:   762        SH:  0    Dex: 20    Spells: 10/10 levels left

rFire    . . .     SeeInvis +   o - +5 hunting sling
rCold    . . .     Gourm    .   (shield restricted)
rNeg     . . .     Faith    +   c - +0 robe
rPois    .         Spirit   .   (helmet restricted)
rElec    .         Reflect  .   d - +0 cloak
rCorr    .         Harm     .   (gloves unavailable)
MR       ++...                  (boots unavailable)
Stlth    ++++......             F - amulet of faith (curse)
HPRegen  0.20/turn              E - ring of see invisible
MPRegen  0.13/turn              r - ring "Ytisuitt" {MR+ Str+4}

@: very quick
A: very small, unfitting armour, see invisible, herbivore, speed 3, slow
metabolism 2
a: Heroism, Finesse, Renounce Religion


You were on level 12 of the Dungeon.
You worshipped Okawaru.
Okawaru was extremely pleased with you.
You were not hungry.

You visited 2 branches of the dungeon, and saw 13 of its levels.

You collected 762 gold pieces.

Inventory:

Hand Weapons
 a - a +2 dagger
 b - a +0 blowgun
 o - a +5 hunting sling (weapon)
 v - a +2 short sword of venom
 M - the cursed +2 scimitar of Dried Tears {vamp, rN+ MR+ Dex+2, unknown}
   (You found it on level 10 of the Dungeon)

   It inflicts no extra harm, but heals its wielder when it wounds a living foe.
   It affects your dexterity (+2).
   It protects you from negative energy.
   It affects your resistance to hostile enchantments.
   It has a curse placed upon it.
 Q - a +1 hunting sling of velocity
Missiles
 f - 135 stones
 j - 37 poisoned needles
 I - 107 sling bullets (quivered)
Armour
 c - a +0 robe (worn)
 d - a +0 cloak (worn)
 m - a +0 pair of gloves
 t - a +0 buckler
Jewellery
 n - an uncursed ring of ice
 r - the ring "Ytisuitt" (right hand) {MR+ Str+4}
   (You found it on level 4 of the Dungeon)

   [ring of protection from magic]

   It affects your strength (+4).
   It affects your resistance to hostile enchantments.
 y - an uncursed amulet of regeneration
 E - a ring of see invisible (left hand)
 F - a cursed amulet of faith (around neck)
 J - an uncursed ring of positive energy
Wands
 k - a wand of paralysis (34)
 x - a wand of polymorph (15)
 C - a wand of disintegration (12)
 L - a wand of iceblast (14)
 N - a wand of acid (8)
Scrolls
 e - 3 scrolls of teleportation
 u - a scroll of fear
 w - 4 scrolls of amnesia
 A - a scroll of identify
 B - 5 scrolls of remove curse
 G - a scroll of noise {unknown}
 O - a scroll of fog
Potions
 h - 5 potions of curing
 i - 2 potions of flight
 l - a potion of might
 p - 2 potions of brilliance
 q - 4 potions of heal wounds
 s - 2 potions of cancellation
 z - 4 potions of lignification
 D - 2 potions of haste
 H - 2 potions of resistance
 K - 3 potions of agility
 P - a potion of mutation {unknown}
 R - a potion of invisibility {unknown}
Comestibles
 g - 16 rations


   Skills:
 + Level 9.6 Fighting
 + Level 2.4 Short Blades
 + Level 14.9(15.0) Slings
 + Level 2.6(8.9) Throwing
 + Level 4.3 Dodging
 + Level 7.4 Stealth


You had 10 spell levels left.
You didn't know any spells.
Your spell library contained the following spells:

 Spells                   Type           Power        Failure   Level  Hunger
 Poisonous Vapours        Pois/Air       #.....       41%         2    ###....
 Conjure Flame            Conj/Fire      #.......     65%         3    ####...
 Mephitic Cloud           Conj/Pois/Air  #.......     65%         3    ####...
 Freezing Cloud           Conj/Ice/Air   #.........   100%        6    #######
 Ring of Flames           Chrm/Fire      #.........   100%        7    #######


Dungeon Overview and Level Annotations

Branches:
Dungeon (12/15)            Temple (1/1) D:6            Lair (0/6) D:8
    Orc (0/2) D:11

Altars:
Ashenzari
Cheibriados
Elyvilon
Hepliaklqana
Kikubaaqudgha
Makhleb
Nemelex Xobeh
Okawaru
Sif Muna
Trog
Uskayaw
Vehumet
Wu Jian
Xom
Yredelemnul

Shops:
D:4 =   D:6 (*

Portals:
Gauntlet: D:12

Annotations:
D:4 2 transporters, doot's ghost, amateur DEWz
D:12 Jorgrun


Innate Abilities, Weirdness & Mutations

You are very small and have problems with some larger weapons.
You are too small for most types of armour.
You have supernaturally acute eyesight. (SInv)
You are a herbivore.
You cover ground extremely quickly.
You need to consume almost no food.


Message History

You resist with almost no effort.
Firing (i - inventory. (/) - cycle)
I - 109 sling bullets (quivered)
Press: ? - help, Shift-Dir - straight line, f/p - Jorgrun
Aim: Jorgrun, wielding a staff of earth and wearing a +0 robe (lightly wounded)
You shoot a sling bullet.
The sling bullet closely misses Jorgrun.
Firing (i - inventory. (/) - cycle)
I - 108 sling bullets (quivered)
Press: ? - help, Shift-Dir - straight line, f/p - Jorgrun
Aim: Jorgrun, wielding a staff of earth and wearing a +0 robe (lightly wounded)
You shoot a sling bullet. The sling bullet hits Jorgrun!
Jorgrun is moderately wounded.
A howler monkey comes into view.
Jorgrun casts a spell at you.
The stone door frame shatters!
The blast of rock fragments hits you!!!
Ouch! That really hurt!
You hear a howl!
You hear two shouts!
You hear a roar!
You hear a shout!
You hear an angry hiss.
You hear a bellow!
You hear an angry buzzing noise.
Jorgrun gestures at you while chanting. The iron shot hits you!!
You die...

#............#.....####....##
#....∩...#####.....# #....#
#........†.........# #....#
#...########+####..# #....#
#............... ..# #....#
####'############+## #....#
#.................######
#...^#######.###.+......
#..........@............
##########.#####........
.....(#(.#...##.#######
.....((..........#
......g........†.#
###..(#..........#
#...#..........#
...h.#..........# .....
+......##..#


You could see Jorgrun and a howler monkey.

Vanquished Creatures
  A hydra (D:11)
  Harold (D:8)
  2 centaur skeletons
  A troll (D:11)
  Grinder (D:4)
  2 hippogriffs (D:10)
  Sigmund (D:5)
  A wraith (D:12)
  A basilisk (D:11)
  3 humans
  9 yaks
  A hungry ghost (D:11)
  Edmund (D:6)
  A soldier ant (D:10)
  2 water moccasins
  An acid dragon (D:11)
  2 phantoms (D:8)
  5 ogres
  6 orc warriors
  An eye of draining (D:11)
  2 ice beasts
  3 centaurs
  4 big kobolds (D:8)
  6 bullfrogs
  A gnoll sergeant (D:8)
  2 scorpions (D:6)
  19 killer bees
  4 howler monkeys
  4 electric eels (D:11)
  A bullfrog zombie (D:8)
  6 crimson imps
  A hound (D:8)
  2 gnoll shamans (D:8)
  5 orc wizards
  An orc priest (D:3)
  A bullfrog skeleton (D:10)
  3 jellies
  Terence (D:3)
  A worker ant (D:11)
  Natasha (thrice) (D:4)
  A killer bee zombie (D:7)
  15 adders
  10 gnolls (D:8)
  2 shadow imps
  An ooze (D:4)
  4 adder zombies
  An adder skeleton (D:4)
  3 worms
  A dart slug (D:5)
  4 leopard geckos
  34 orcs
  3 ball pythons
  3 giant cockroaches
  4 goblins
  3 hobgoblins
  16 jackals
  6 kobolds
  6 quokkas
  9 bats
  9 frilled lizards
  2 jackal skeletons
  A quokka skeleton (D:5)
  A quokka zombie (D:5)
  11 rats
263 creatures vanquished.

Vanquished Creatures (others)
  5 fungi (D:8)
5 creatures vanquished.

Grand Total: 268 creatures vanquished

Notes
Turn   | Place    | Note
-------+----------+-------------------------------------------
     0 | D:1      | Derp the Spriggan Assassin began the quest for the Orb.
     0 | D:1      | Reached XP level 1. HP: 10/10 MP: 2/2
   295 | D:1      | Reached XP level 2. HP: 14/14 MP: 3/3
  1771 | D:2      | Reached XP level 3. HP: 18/18 MP: 4/4
  2048 | D:2      | Reached skill level 1 in Slings
  3000 | D:2      | Reached skill level 2 in Slings
  3114 | D:3      | Reached XP level 4. HP: 23/23 MP: 5/5
  3351 | D:3      | Reached skill level 3 in Slings
  4995 | D:3      | Noticed Terence
  5098 | D:3      | Killed Terence
  5098 | D:3      | Reached skill level 4 in Slings
  5098 | D:3      | Reached XP level 5. HP: 26/26 MP: 6/6
  5876 | D:3      | HP: 1/26 [orc wizard/puff of flame (18)]
  6242 | D:3      | HP: 1/26 [orc wizard/puff of flame (16)]
  6569 | D:4      | Identified the +1 great mace of Forced Transition {crush,
                  | rF+ rC++}
  6569 | D:4      | Noticed an ogre
  6618 | D:4      | Reached skill level 5 in Slings
  6728 | D:4      | Noticed Natasha
  6735 | D:4      | Killed Natasha
  6825 | D:4      | Got a twitching marble ring
  6902 | D:4      | Noticed an ogre
  6949 | D:4      | Killed an ogre
  6949 | D:4      | Reached XP level 6. HP: 32/32 MP: 7/7
  7041 | D:4      | Reached skill level 6 in Slings
  7109 | D:4      | Found an ornate altar of the Wu Jian Council.
  7179 | D:4      | Found Ozyfacol's Jewellery Boutique.
  7230 | D:4      | Noticed Grinder
  7306 | D:4      | Noticed Natasha
  7311 | D:4      | Killed Natasha
  7364 | D:4      | Killed Grinder
  7364 | D:4      | Reached skill level 7 in Slings
  7364 | D:4      | Reached XP level 7. HP: 18/35 MP: 8/8
  7432 | D:4      | Found a transporter.
  7436 | D:4      | Noticed doot's ghost (amateur DEWz)
  7574 | D:4      | Noticed Natasha
  7587 | D:4      | Killed Natasha
  7652 | D:4      | Found a transporter.
  7718 | D:5      | Entered Level 5 of the Dungeon
  8364 | D:5      | Noticed Sigmund
  8385 | D:5      | Killed Sigmund
  8385 | D:5      | Reached skill level 8 in Slings
  8654 | D:5      | Reached XP level 8. HP: 14/42 MP: 9/9
  8819 | D:6      | Found a staircase to the Ecumenical Temple.
  8825 | Temple   | Entered the Ecumenical Temple
  8893 | Temple   | Became a worshipper of Warmaster Okawaru
  8924 | D:6      | Reached skill level 9 in Slings
  8969 | D:6      | Found a burning altar of Makhleb.
  9082 | D:6      | Found Tiyrch's Assorted Antiques.
  9160 | D:6      | Reached skill level 10 in Slings
  9307 | D:6      | Noticed Edmund
  9337 | D:6      | Killed Edmund
  9337 | D:6      | Reached * piety under Okawaru
  9532 | D:6      | Found Piugiyni's Weapon Shop.
 10304 | D:7      | Reached skill level 11 in Slings
 10461 | D:7      | Reached skill level 5 in Fighting
 10461 | D:7      | Reached XP level 9. HP: 47/47 MP: 10/10
 10656 | D:7      | Identified the ring "Ytisuitt" {MR+ Str+4} (You found it on
                  | level 4 of the Dungeon)
 10820 | D:8      | Reached ** piety under Okawaru
 10960 | D:8      | Reached skill level 12 in Slings
 11130 | D:7      | HP: 1/47 [killer bee (7)]
 11689 | D:8      | Noticed Harold
 11747 | D:8      | Killed Harold
 11747 | D:8      | Reached *** piety under Okawaru
 11747 | D:8      | Reached **** piety under Okawaru
 11747 | D:8      | Reached skill level 13 in Slings
 11747 | D:8      | Reached XP level 10. HP: 51/53 MP: 11/11
 11892 | D:8      | Found a staircase to the Lair.
 13280 | D:10     | Entered Level 10 of the Dungeon
 13315 | D:10     | Got an iridescent scimitar
 13354 | D:10     | Reached ***** piety under Okawaru
 13354 | D:10     | Received a gift from Okawaru
 13878 | D:10     | Received a gift from Okawaru
 14067 | D:10     | Found an ancient bone altar of Kikubaaqudgha.
 14125 | D:10     | Reached skill level 14 in Slings
 15257 | D:11     | Reached XP level 11. HP: 62/62 MP: 12/12
 15319 | D:11     | Received a gift from Okawaru
 15418 | D:11     | Found an iron altar of Okawaru.
 15968 | D:11     | Noticed a six-headed hydra
 15985 | D:11     | Killed a six-headed hydra
 15985 | D:11     | Received a gift from Okawaru
 16137 | D:11     | Found a staircase to the Orcish Mines.
 16576 | D:12     | Found a gate leading to a gauntlet.
 16665 | D:12     | Noticed Jorgrun
 16673 | D:12     | Killed from afar by Jorgrun

Skill      XL: |  1  2  3  4  5  6  7  8  9 10 |
---------------+-------------------------------+-----
Stealth        | 6 7 |  7.4
Dodging        | 2 3 4 |  4.3
Slings         | 2 4 5 7 8 11 13 14 | 14.9
Fighting       | 2 3 5 6 9 |  9.6
Short Blades   | |  2.4
Throwing       | |  2.6

Action                   |  1- 3 |  4- 6 |  7- 9 | 10-12 || total
-------------------------+-------+-------+-------+-------++-------
Melee: Unarmed           |       |     1 |       |       ||     1
       Short sword       |       |     3 |     3 |       ||     6
 Fire: Blowgun           |    48 |       |       |       ||    48
       Hunting sling     |   167 |   329 |   502 |   513 ||  1511
  Use: Scroll            |       |     5 |    10 |     6 ||    21
       Potion            |       |       |     2 |       ||     2
  Eat: Ration            |       |     1 |     2 |     2 ||     5
Armor: Robe              |    23 |     9 |     9 |     1 ||    42
Dodge: Dodged            |   124 |    47 |   127 |    62 ||   360
